 Dungeon Crawl Stone Soup version 0.18-a0-844-g9229740 (webtiles) character file.

6516 Ijustatesigmund the Commander (level 11, -23/64 HPs)
             Began as a Gargoyle Conjurer on Dec 18, 2015.
             Was a High Priest of Okawaru.
             Annihilated by a very large slime creature (53 damage)
             ... on level 11 of the Dungeon.
             The game lasted 01:10:54 (12770 turns).

Ijustatesigmund the Commander (Gargoyle Conjurer)  Turns: 12770, Time: 01:10:55

Health: -23/64     AC: 17    Str: 12    XL:     11   Next: 0%
Magic:  17/30      EV: 15    Int: 19    God:    Okawaru [*****.]
Gold:   874        SH:  0    Dex: 10    Spells: 6 memorised, 4 levels left

rFire  . . .     SeeInvis .     D - +1 flail
rCold  . . .     Gourm    +     C - +2 robe of vines {NoDeviceHeal Regen+7}
rNeg   + . .     Faith    .     (no shield)
rPois  ∞         Spirit   .     I - +1 helmet
rElec  +         Dismiss  .     (no cloak)
rCorr  .         Reflect  .     F - +1 pair of gloves
SustAt .         Harm     .     J - +1 pair of boots
MR     .....                    s - amulet of the gourmand
Stlth  ++........               L - ring of magical power
                                R - +3 ring of evasion

@: not resistant to hostile enchantments, unstealthy
A: negative energy resistance 1, electricity resistance, unbreathing,
petrification resistance, rot immunity, AC +7
a: Heroism, Finesse, Renounce Religion


You were on level 11 of the Dungeon.
You worshipped Okawaru.
Okawaru was extremely pleased with you.
You were very full.

You visited 4 branches of the dungeon, and saw 14 of its levels.

You collected 1147 gold pieces.
You spent 273 gold pieces at shops.

Inventory:

Hand Weapons
 D - a +1 flail (weapon)
 M - a +4 morningstar of draining
Missiles
 y - 2 curare-tipped needles
 T - 3 needles of sleeping
Armour
 a - a +1 robe
 h - a +1 leather armour of positive energy
 C - the +2 robe of vines (worn) {NoDeviceHeal Regen+7}
   (You took it off a crimson imp on level 5 of the Dungeon)

   It increases your rate of regeneration.
 F - a +1 pair of gloves (worn)
 I - a +1 helmet (worn)
 J - a +1 pair of boots (worn)
Magical Staves
 r - an uncursed staff of power
Jewellery
 g - an uncursed ring of stealth
 s - an amulet of the gourmand (around neck)
 u - an uncursed ring of teleportation
 B - an uncursed ring of see invisible
 G - an uncursed amulet of dismissal
 L - a ring of magical power (right hand)
 P - a +4 ring of intelligence
 R - a +3 ring of evasion (left hand)
Wands
 f - a wand of random effects (24)
 i - a wand of cold (3)
 E - a wand of random effects (14)
Scrolls
 k - a scroll of recharging
 o - 2 scrolls of amnesia
 w - a scroll of teleportation
 K - 2 scrolls of enchant weapon
 N - a scroll of blinking
Potions
 d - a potion of beneficial mutation {unknown}
 e - a potion of resistance
 j - a potion of invisibility
 l - a potion of haste
 m - 5 potions of curing
 n - 3 potions of flight
 p - a potion of lignification
 v - 3 potions of ambrosia
 x - a potion of cancellation {unknown}
 z - 3 potions of brilliance
 A - a potion of berserk rage
 H - a potion of agility {unknown}
 Q - a potion of cure mutation {unknown}
Books
 b - a book of Conjurations

   Spells                             Type                      Level
   a - Magic Dart                     Conjuration                  1
   b - Searing Ray                    Conjuration                  2
   c - Dazzling Spray                 Conjuration/Hexes            3
   d - Fulminant Prism                Conjuration/Hexes            4
   e - Iskenderun's Mystic Blast      Conjuration                  4
   f - Iskenderun's Battlesphere      Conjuration/Charms           5
 q - a book of Annihilations

   Spells                             Type                      Level
   a - Poison Arrow                   Conjuration/Poison           6
   b - Chain Lightning                Conjuration/Air              8
   c - Lehudib's Crystal Spear        Conjuration/Earth            8
   d - Glaciate                       Conjuration/Ice              9
   e - Fire Storm                     Conjuration/Fire             9
 O - a book of the Earth

   Spells                             Type                      Level
   a - Leda's Liquefaction            Hexes/Earth                  4
   b - Bolt of Magma                  Conjuration/Fire/Earth       5
   c - Statue Form                    Transmutation/Earth          6
   d - Iron Shot                      Conjuration/Earth            6
   e - Shatter                        Earth                        9
Comestibles
 c - 5 bread rations
 t - 3 meat rations


   Skills:
 - Level 6.0 Fighting
 - Level 6.0 Maces & Flails
 - Level 3.3 Dodging
 - Level 3.1 Stealth
 - Level 6.8 Spellcasting
 - Level 6.7 Conjurations
 - Level 4.2 Hexes
 + Level 5.6 Charms
 + Level 7.3 Invocations


You had 4 spell levels left.
You knew the following spells:

 Your Spells              Type           Power        Failure   Level  Hunger
a - Magic Dart            Conj           ####         1%          1    None
b - Searing Ray           Conj           ####..       1%          2    None
c - Dazzling Spray        Conj/Hex       ####....     3%          3    ##.....
d - Iskenderun's Battles  Conj/Chrm      ####....     28%         5    #####..
e - Iskenderun's Mystic   Conj           ####....     10%         4    ####...
f - Fulminant Prism       Conj/Hex       ####......   12%         4    ####...


Dungeon Overview and Level Annotations

Branches:
Dungeon (11/15)            Temple (1/1) D:5            Lair (1/8) D:10
    Orc (1/2) D:10

Altars:
Ashenzari
Cheibriados
Dithmenos
Elyvilon
Fedhas
Gozag
Kikubaaqudgha
Makhleb
Nemelex Xobeh
Okawaru
Pakellas
Qazlal
Ru
Sif Muna
Trog
Vehumet
Xom
Yredelemnul
Zin
The Shining One

Shops:
D:6 ([!([   D:10 =


Innate Abilities, Weirdness & Mutations

You are resistant to torment.
Your stone body is resilient (AC +7).
You are immune to poison.
You resist negative energy.
You are resistant to electric shocks.
You can survive without breathing.
You are immune to petrification.
You are immune to rotting.


Message History

The slime creature hits you but does no damage.
Two slime creatures merge to form a very large slime creature.
The searing ray hits the very large slime creature.
The very large slime creature is heavily wounded.
The searing ray hits the very large slime creature.
The very large slime creature is heavily wounded.
The very large slime creature hits you!!
Casting: Searing Ray
Confirm with . or Enter, or press ? or * to list all spells.
Aiming: Searing Ray
Press: ? - help, Shift-Dir - straight line, f/p - very large slime creature
Aim: a very large slime creature (heavily wounded)
The searing ray hits the very large slime creature.
The very large slime creature is heavily wounded.
The very large slime creature hits you!!
The searing ray hits the very large slime creature.
The very large slime creature is heavily wounded.
The very large slime creature hits you!!!
Ouch! That really hurt!
You die...

... #.# #.# #.# #.#
#.#######
################........
#..<...@J..............<
#################.......
#....... #......$
#....... #.......
#....... #.......
#.......


You could see a very large slime creature.

Vanquished Creatures
  A deep elf mage (D:8)
  A spiny frog (Lair:1)
  A black mamba (Lair:1)
  A yak (D:10)
  A hill giant zombie (D:10)
  A human (D:9)
  A wyvern (D:9)
  A hippogriff (D:10)
  3 hungry ghosts
  3 water moccasins (Lair:1)
  Duvessa (D:7)
  4 orc warriors
  5 phantoms
  2 porcupines (Lair:1)
  A black bear (Lair:1)
  A sky beast (D:7)
  An ice beast (D:6)
  4 ogres
  A crocodile (Lair:1)
  A centaur (D:8)
  4 giant frogs
  Dowan (D:7)
  A water moccasin zombie (D:6)
  2 scorpions
  6 killer bees (D:7)
  A troll zombie (D:10)
  3 wights (D:10)
  A giant frog zombie (D:5)
  5 hounds
  4 crimson imps
  A centaur skeleton (D:6)
  A giant frog skeleton (D:7)
  6 orc wizards
  A centaur zombie (D:6)
  5 iguanas
  6 orc priests
  A gnoll shaman (D:7)
  5 worker ants
  6 ogre zombies (D:10)
  A hound zombie (D:5)
  2 worker ant zombies
  5 gnolls (D:7)
  10 adders
  A shadow imp (D:6)
  An ooze (D:1)
  An adder zombie (D:6)
  An adder skeleton (D:4)
  4 worms
  5 giant geckos
  44 orcs
  A ball python (D:2)
  2 giant cockroaches
  12 hobgoblins
  17 jackals
  9 kobolds
  3 quokkas (D:2)
  8 bats
  A giant gecko zombie (D:7)
  8 giant newts
  11 goblins
  A goblin skeleton (D:10)
  3 goblin zombies (D:10)
  2 hobgoblin skeletons (D:10)
  3 hobgoblin zombies (D:10)
  A jackal zombie (D:5)
  2 orc skeletons (D:10)
  14 orc zombies (D:10)
  2 quokka skeletons
  14 rats
284 creatures vanquished.

Vanquished Creatures (others)
  An orc wizard (Orc:1)
  3 plants (D:5)
4 creatures vanquished.

Grand Total: 288 creatures vanquished

Notes
Turn   | Place    | Note
--------------------------------------------------------------
     0 | D:1      | Ijustatesigmund the Gargoyle Conjurer began the quest for the Orb.
     0 | D:1      | Reached XP level 1. HP: 10/10 MP: 3/3
   182 | D:1      | Reached skill level 1 in Fighting
   182 | D:1      | Reached XP level 2. HP: 14/16 MP: 0/5
  1010 | D:1      | Reached skill level 1 in Maces & Flails
  1049 | D:1      | Learned a level 2 spell: Searing Ray
  1356 | D:1      | Reached XP level 3. HP: 19/21 MP: 6/6
  1913 | D:2      | Learned a level 3 spell: Dazzling Spray
  1959 | D:2      | Reached XP level 4. HP: 22/26 MP: 2/7
  3193 | D:3      | Reached skill level 5 in Conjurations
  3193 | D:3      | Reached XP level 5. HP: 16/30 MP: 1/8
  3741 | D:4      | Reached XP level 6. HP: 30/35 MP: 1/9
  3760 | D:5      | Entered Level 5 of the Dungeon
  4274 | D:5      | Reached skill level 6 in Conjurations
  4860 | D:4      | Reached XP level 7. HP: 40/40 MP: 4/10
  5571 | D:5      | Reached skill level 5 in Maces & Flails
  5823 | D:5      | Found a staircase to the Ecumenical Temple.
  5830 | Temple   | Entered the Ecumenical Temple
  5890 | Temple   | Became a worshipper of Warmaster Okawaru
  6112 | D:5      | Reached XP level 8. HP: 44/44 MP: 3/12
  6180 | D:5      | Found an opulent altar of Gozag.
  6505 | D:5      | Found a bloodstained altar of Trog.
  6505 | D:5      | Found a stormy altar of Qazlal.
  6737 | D:6      | Reached * piety under Okawaru
  6775 | D:6      | Found Loustuic's Armour Boutique.
  6984 | D:6      | Found Qyel's Antique Weapon Shop.
  7062 | D:6      | Found Wobio's Distillery.
  7258 | D:6      | Found Kafimodi's Weapon Shoppe.
  7373 | D:6      | Found Ruplow's Antique Armour Emporium.
  8117 | D:7      | Reached skill level 5 in Spellcasting
  8117 | D:7      | Reached skill level 1 in Hexes
  8117 | D:7      | Reached XP level 9. HP: 52/52 MP: 6/16
  8192 | D:7      | Reached ** piety under Okawaru
  8413 | D:7      | Noticed Duvessa
  8426 | D:7      | Killed Duvessa
  8426 | D:7      | Reached skill level 5 in Fighting
  8427 | D:7      | Noticed Dowan
  8436 | D:7      | Killed Dowan
  9643 | D:8      | Noticed a deep elf mage
  9655 | D:8      | Killed a deep elf mage
  9655 | D:8      | Reached *** piety under Okawaru
  9918 | D:9      | Found a snail-covered altar of Cheibriados.
  9963 | D:9      | Reached XP level 10. HP: 57/60 MP: 14/20
  9971 | D:9      | Learned a level 5 spell: Iskenderun's Battlesphere
 10030 | D:9      | Reached skill level 1 in Charms
 10098 | D:10     | Entered Level 10 of the Dungeon
 10348 | D:10     | Found a staircase to the Lair.
 10541 | D:10     | Reached **** piety under Okawaru
 10670 | D:10     | Found a staircase to the Orcish Mines.
 10687 | D:10     | Reached skill level 5 in Invocations
 10838 | D:10     | Found Horuorej's Jewellery Emporium.
 10850 | D:10     | Learned a level 4 spell: Iskenderun's Mystic Blast
 10857 | D:10     | Learned a level 4 spell: Fulminant Prism
 10869 | D:10     | Bought a +3 ring of evasion for 273 gold pieces
 11405 | Lair:1   | Entered Level 1 of the Lair of Beasts
 11723 | Lair:1   | Noticed a black mamba
 11731 | Lair:1   | Killed a black mamba
 11731 | Lair:1   | Reached ***** piety under Okawaru
 11731 | Lair:1   | Reached skill level 5 in Charms
 11768 | Lair:1   | Noticed a seven-headed hydra
 12051 | Orc:1    | Entered Level 1 of the Orcish Mines
 12234 | Orc:1    | Reached skill level 7 in Invocations
 12277 | Orc:1    | Received a gift from Okawaru
 12576 | Orc:1    | Noticed an orc knight
 12727 | D:11     | Reached XP level 11. HP: 64/64 MP: 21/21
 12770 | D:11     | Annihilated by a very large slime creature

Vault maps used:
D:1:      lemuel_arrival_tunnels, hangedman_decor_diamond_cutter,
          hangedman_decor_clover_reticule
D:2:      first_bread, minmay_statues_item
D:5:      kennysheep_little_box, gammafunk_temple_overflow_elements,
          minmay_temple_entry_glass, serial_bayou, serial_bayou_crossing,
          serial_bayou_pond_b, serial_bayou_lagoon_a, serial_bayou_pond_b
D:6:      serial_shops, shop, nicolae_shop_waterfront,
          nicolae_shop_overgrown_old_shop, shop_fountains,
          nicolae_shop_waterfront
D:7:      uniq_duvessa
D:9:      lemuel_round_altar, grunt_pizzeria
D:10:     lair_0_dummy, zombieorc2_lemuel, serial_shops, shop
Temple:   nicolae_temple_x_marks_the_god_16
Orc:1:    minmay_goldmine

Action                   |  1- 3 |  4- 6 |  7- 9 | 10-12 || total
-------------------------+-------+-------+-------+-------++-------
Melee: Club              |    61 |    63 |       |       ||   124
       Whip              |       |   148 |   227 |       ||   375
       Flail             |       |       |    13 |   213 ||   226
       Morningstar       |       |       |       |    14 ||    14
 Cast: Magic Dart        |    73 |    99 |   157 |   153 ||   482
       Searing Ray       |     3 |    20 |    49 |    22 ||    94
       Dazzling Spray    |       |       |       |    15 ||    15
       Iskenderun's Batt |       |       |       |     1 ||     1
Invok: Heroism           |       |       |       |     1 ||     1
Evoke: Wand              |       |       |     2 |       ||     2
  Use: Potion            |     1 |     4 |       |       ||     5
       Scroll            |     7 |     4 |    13 |     3 ||    27
 Stab: Sleeping          |     2 |     1 |     1 |     1 ||     5
       Invisible         |       |       |       |     3 ||     3
  Eat: Chunk             |     3 |     9 |     5 |     6 ||    23
       Pizza             |     1 |     2 |     2 |     8 ||    13
       Fruit             |       |     1 |     3 |     3 ||     7
       Bread ration      |       |       |     3 |     1 ||     4
       Royal jelly       |       |       |       |     1 ||     1
